 Dungeon Crawl Stone Soup version 0.31.0-9-g3a7656b989 (webtiles) character file.

Game seed: 2248203067683464286

37 qw the Shooter (level 3, -2/20 HPs)
             Began as a Deep Elf Hunter on Feb 2, 2024.
             Slain by a goblin
             ... wielding a +0 dagger
             ... led by Robin
              (5 damage)
             ... on level 2 of the Dungeon.
             The game lasted 00:00:03 (714 turns).

qw the Shooter (Deep Elf Hunter)                     Turns: 714, Time: 00:00:03

Health: -2/20      AC:  3    Str: 10    XL:     3   Next: 23%
Magic:  5/5        EV: 12    Int: 13    God:
Gold:   50         SH:  0    Dex: 18    Spells: 2/2 levels left

rFire   . . .        e - +3 sling (drain)
rCold   . . .        (no shield)
rNeg    . . .        c - +0 leather armour
rPois   .            (no helmet)
rElec   .            (no cloak)
rCorr   .            (no gloves)
SInv    .            (no boots)
Will    .....        (no amulet)
Stlth   ++           (no ring)
HPRegen 0.23/turn    (no ring)
MPRegen 0.09/turn

%: no passive effects
@: no status effects
A: no striking features
a: no special abilities


You were on level 2 of the Dungeon.
You visited 1 branch of the dungeon, and saw 2 of its levels.

You collected 90 gold pieces.
You spent 40 gold pieces at shops.


   Skills:
 - Level 1.5 Fighting
 + Level 6.8 Ranged Weapons
 - Level 2.4 Dodging
 - Level 1.2 Stealth


You had 2 spell levels left.
You didn't know any spells.
Your spell library was empty.

Inventory:

Hand Weapons
 a - a +0 shortbow
 e - a +3 sling of draining (weapon)
Armour
 c - a +0 leather armour (worn)
Potions
 f - a potion of curing

Dungeon Overview and Level Annotations

Branches:
Dungeon (2/15)

Altars:

Shops:
D:1 [([?*

Annotations:
D:2 1 runed translucent door, Crazy Yiuf, Robin


Message History

You shoot a sling bullet. The sling bullet hits the goblin!
You kill the goblin!
A goblin comes into view. It is wielding a +0 dagger.
You shoot a sling bullet.
The sling bullet barely misses the goblin.
The goblin shouts!
You hear a shout!
Robin throws the goblin at you! The goblin hits you with a +0 dagger.
A goblin comes into view. It is wielding a +0 club.
You shoot a sling bullet. The sling bullet hits the goblin!
You kill the goblin!
A hobgoblin comes into view.
Robin throws the goblin at you! The hobgoblin hits you.
The goblin barely misses you. The goblin hits you with a +0 club.
You shoot a sling bullet.
The sling bullet closely misses the goblin.
The hobgoblin shouts!
The hobgoblin closely misses you. The goblin hits you with a +0 dagger.
A goblin comes into view. It is wielding a +0 dagger.
The goblin hits you with a +0 club.
711 ||| DRINKING potion of heal wounds.
You feel much better. The goblin barely misses you.
The hobgoblin closely misses you. The goblin hits you with a +0 dagger.
The goblin misses you.
You shoot a sling bullet.
The sling bullet closely misses the goblin.
The goblin hits you but does no damage.
A goblin comes into view. It is wielding a +0 dagger.
The hobgoblin misses you. The goblin barely misses you. x2
You shoot a sling bullet. The goblin shouts!
The sling bullet hits the goblin but does no damage.
The goblin hits you with a +0 club. The hobgoblin misses you.
The goblin hits you with a +0 dagger. The goblin barely misses you.
The hobgoblin barely misses you. The goblin hits you with a +0 club.
The goblin hits you with a +0 dagger. The goblin hits you but does no damage.
You shoot a sling bullet. The sling bullet hits the goblin!
You kill the goblin!
The goblin hits you with a +0 club. The hobgoblin hits you.
The goblin hits you with a +0 dagger.
You die...

#% ... .. ## .. #)#
#.###.###.# #. #.#
......... #.# #.#
#....# .#
#.####.####.#.###..
#................# #
#..###.####.####.#.#
#..#
#.........g)..###
#..#
######)>..@g....#
#..#
........g#g#.#.#
##..# ####.###.#g#
....# #. #.#.# #####
## #.#g# #)#.# #..$.
#.... ##.


You could see 2 hobgoblins and 4 goblins.

Vanquished Creatures
  A dart slug (D:1)
  2 endoplasms (D:1)
  2 giant cockroaches (D:1)
  6 goblins (D:2)
  6 hobgoblins
  3 kobolds (D:1)
  A quokka (D:1)
  4 ball pythons
  3 bats (D:1)
  3 frilled lizards
  2 rats (D:1)
33 creatures vanquished.

Notes
Turn   | Place    | Note
-------+----------+-------------------------------------------
     0 | D:1      | qw the Deep Elf Hunter began the quest for the Orb.
     0 | D:1      | Reached XP level 1. HP: 12/12 MP: 3/3
     0 | D:1      | 0 ||| qw: Version: 0.3-a-155-g5e7d8dd
     0 | D:1      | 0 ||| qw: Game counter: 2025
     0 | D:1      | 0 ||| qw: Melee chars always use a shield: true
     0 | D:1      | 0 ||| qw: God list: Okawaru
     0 | D:1      | 0 ||| qw: Allow faded altars: false
     0 | D:1      | 0 ||| qw: Do Orc after clearing Dungeon:15 true
     0 | D:1      | 0 ||| qw: Do second Lair branch before Depths: true
     0 | D:1      | 0 ||| qw: Lair rune preference: random
     0 | D:1      | 0 ||| qw: Goals: Normal
     0 | D:1      | 0 ||| PLANNING D:1-11
    78 | D:1      | Found Quad's Antique Armour Emporium.
    92 | D:1      | 92 ||| SHOPLISTING dyed leather armour (135 gold, have 3).
    92 | D:1      | 92 ||| SHOPLISTING pair of gloves (121 gold, have 3).
    92 | D:1      | 92 ||| SHOPLISTING ring mail (108 gold, have 3).
   110 | D:1      | Reached XP level 2. HP: 16/16 MP: 4/4
   148 | D:1      | Found Awivi's Armour Shoppe.
   150 | D:1      | Reached skill level 6 in Ranged Weapons
   160 | D:1      | 160 ||| SHOPLISTING +0 helmet (49 gold, have 36).
   160 | D:1      | 160 ||| SHOPLISTING +2 hat (176 gold, have 36).
   160 | D:1      | 160 ||| SHOPLISTING +2 ring mail of fire resistance (231
                  | gold, have 36).
   255 | D:1      | Found Zaon's Magic Scroll Shop.
   265 | D:1      | 265 ||| SHOPLISTING scroll of enchant weapon (75 gold, have
                  | 47).
   265 | D:1      | 265 ||| BUYING scroll of identify (20 gold).
   265 | D:1      | Bought a scroll of identify for 20 gold pieces
   265 | D:1      | 265 ||| BUYING scroll of identify (20 gold).
   265 | D:1      | Bought a scroll of identify for 20 gold pieces
   265 | D:1      | 265 ||| SHOPLISTING scroll of teleportation (30 gold, have
                  | 7).
   269 | D:1      | Found Lony's Assorted Antiques.
   273 | D:1      | 273 ||| SHOPLISTING scroll labelled AGGOTISIBB (28 gold,
                  | have 7).
   273 | D:1      | 273 ||| SHOPLISTING scroll labelled WEVVIX ELU (28 gold,
                  | have 7).
   273 | D:1      | 273 ||| SHOPLISTING scroll labelled XUUB ITOFFIHA (28 gold,
                  | have 7).
   273 | D:1      | 273 ||| SHOPLISTING scroll labelled XYSAAC YHEIRO (28 gold,
                  | have 7).
   273 | D:1      | 273 ||| SHOPLISTING scroll of identify (56 gold, have 7).
   273 | D:1      | 273 ||| SHOPLISTING white potion (25 gold, have 7).
   375 | D:1      | Found Zuunedo's Weapon Shoppe.
   386 | D:1      | 386 ||| SHOPLISTING +4 heavy orcbow (339 gold, have 7).
   488 | D:1      | 488 ||| READING 2 scrolls of identify.
   488 | D:1      | 488 ||| IDENTIFYING purple potion
   489 | D:1      | 489 ||| READING scroll of identify.
   489 | D:1      | 489 ||| IDENTIFYING glowing inky potion
   490 | D:1      | 490 ||| READING scroll labelled TIBIAGUQIA.
   490 | D:1      | Identified a scroll of acquirement
   490 | D:1      | 490 ||| ACQUIRING +3 sling of draining
   490 | D:1      | Acquired a +3 sling of draining
   492 | D:1      | 492 ||| SWAPPING to +3 sling of draining.
   493 | D:1      | 493 ||| READING scroll labelled XYSAAC YHEIRO.
   494 | D:1      | 494 ||| READING scroll labelled JOCUTO OGILYB.
   495 | D:1      | 495 ||| DRINKING 2 brown potions.
   496 | D:1      | 496 ||| DROPPING scroll of butterflies.
   497 | D:1      | 497 ||| DROPPING potion of attraction.
   595 | D:2      | Found a runed translucent door.
   596 | D:2      | Noticed Crazy Yiuf
   652 | D:2      | Reached XP level 3. HP: 20/20 MP: 5/5
   704 | D:2      | Noticed Robin
   710 | D:2      | HP: 5/20 [goblin/+0 dagger[Robin] (3)]
   710 | D:2      | HP: 1/20 [goblin/+0 club[Robin] (4)]
   711 | D:2      | 711 ||| DRINKING potion of heal wounds.
   714 | D:2      | Slain by a goblin

Levels and vault maps discovered:
D:1:      psy_arrival_conway, layout_rooms, serial_shops, shop_fountains, shop,
          nicolae_shop_behind_doors, nicolae_shop_statue_plus, shop,
          minmay_ruptured
D:2:      minmay_skewed_foursquare, layout_loops_ring, minmay_indecisive_spiral,
          uniq_crazy_yiuf_cottage, uniq_robin

Skill      XL: |  1  2 |
---------------+-------+-----
Ranged Weapons | 6 |  6.8
Fighting       | |  1.5
Dodging        | |  2.4
Stealth        | |  1.2

Action                     || total
---------------------------++-------
   Fire: Shortbow          ||    57
         Sling             ||    19
    Use: Scroll            ||     5
         Potion            ||     2
 Armour: Leather armour    ||    25
  Dodge: Dodged            ||    22

Table legend:
 A = Non-vault XP
 B = Vault XP
 C = Vault XP percentage of total XP
 D = Non-vault monster count
 E = Vault monster count
 F = Vault count percentage of total count
                 A         B        C        D         E       F
            +---------+---------+-------+---------+---------+-------
      Total |      43 |      13 |  23.2 |      26 |       7 |  21.2
            +---------+---------+-------+---------+---------+-------
        D:1 |      36 |       3 |   7.7 |      21 |       2 |   8.7
        D:2 |       7 |      10 |  58.8 |       5 |       5 |  50.0
            +---------+---------+-------+---------+---------+-------
